 Dungeon Crawl Stone Soup version 0.23.1 (webtiles) character file.

Game seed: 1090570629892823944

11 Borgoz the Sneak (level 2, -1/22 HPs)
             Began as a Ghoul Enchanter on Mar 2, 2019.
             Slain by a giant cockroach (2 damage)
             ... on level 1 of the Dungeon.
             The game lasted 00:01:06 (315 turns).

Borgoz the Sneak (Ghoul Enchanter)                   Turns: 315, Time: 00:01:07

Health: -1/22      AC:  2    Str: 11    XL:     2   Next: 29%
Magic:  3/3        EV: 12    Int: 10    God:
Gold:   45         SH:  0    Dex:  9    Spells: 3/4 levels left

rFire    . . .     SeeInvis .   a - +1 dagger
rCold    + . .     Gourm    .   (no shield)
rNeg     + + +     Faith    .   b - +0 robe
rPois    ∞         Spirit   .   (no helmet)
rElec    .         Reflect  .   (no cloak)
rCorr    .         Harm     .   (no gloves)
MR       .....                  (no boots)
Stlth    ++........             (no amulet)
HPRegen  0.00/turn              (no ring)
MPRegen  0.08/turn              (no ring)

@: rotting
A: rotting body, claws 1, carnivore, cold resistance 1, negative energy
resistance 3, inhibited regeneration, torment resistance, unbreathing
a: no special abilities


You were on level 1 of the Dungeon.
You were not hungry.

You visited 1 branch of the dungeon, and saw 1 of its levels.

You collected 45 gold pieces.

Inventory:

Hand Weapons
 a - a +1 dagger (weapon)
Armour
 b - a +0 robe (worn)
 e - a +0 ring mail
 k - a +0 helmet
 l - a +0 pair of gloves
Scrolls
 g - 2 scrolls of identify {unknown}
 i - 2 scrolls of enchant weapon {unknown}
 j - a scroll of blinking {unknown}
Potions
 c - 3 potions of brilliance {unknown}
 h - a potion of cancellation {unknown}
Comestibles
 d - a ration
 f - 2 chunks of flesh


   Skills:
 + Level 0.6 Fighting
 * Level 1.4 Short Blades
 + Level 2.0 Dodging
 - Level 3.2 Stealth
 - Level 1.7 Spellcasting
 + Level 2.5 Hexes


You had 3 spell levels left.
You knew the following spells:

 Your Spells              Type           Power        Failure   Level  Hunger
a - Corona                Hex            #......      12%         1    ##.....

Your spell library contained the following spells:

 Spells                   Type           Power        Failure   Level  Hunger
 Ensorcelled Hibernation  Hex/Ice        #.....       28%         2    ###....
 Confuse                  Hex            #.......     34%         3    ####...
 Tukima's Dance           Hex            #.......     34%         3    ####...
 Dazzling Spray           Conj/Hex       #.....       50%         3    ####...


Dungeon Overview and Level Annotations

Branches:
Dungeon (1/15)

Altars:


Innate Abilities, Weirdness & Mutations

Your body is rotting away.
You thrive on raw meat.
You are immune to poison.
You have sharp fingernails.
You are carnivorous and can eat meat at any time.
Your flesh is cold resistant. (rC+)
You are immune to negative energy. (rN+++)
You do not regenerate when monsters are visible.
You are immune to unholy pain and torment.
You can survive without breathing.


Message History

The hobgoblin closely misses you. The giant cockroach bites you.
* * * LOW HITPOINT WARNING * * *
You hit the hobgoblin.
The hobgoblin is heavily wounded.
The giant cockroach bites you but does no damage.
The hobgoblin misses you.
You hit the hobgoblin.
The hobgoblin is almost dead.
The giant cockroach barely misses you. The hobgoblin closely misses you.
You hit the hobgoblin.
You kill the hobgoblin!
The giant cockroach closely misses you.
The giant cockroach bites you but does no damage.
There is an open door, spattered with blood here.
You see here a +0 club.
You barely miss the giant cockroach. The giant cockroach closely misses you.
You hit the giant cockroach.
The giant cockroach is heavily wounded.
The giant cockroach bites you.
You die...

### ####### ... .........
≈≈. ..#####........ #.≈≈
...............######..#
#..................#...#
#...###........#.#....##
....................≈..#
.###.......#####@...≈≈.# ##
####.####≈...#s..≈#.#
.#####.....#≈...#.÷....##
...........#≈...#....#....
..≈≈≈≈....##≈...#..........
.≈≈≈≈≈≈....#≈≈≈≈#..........
.≈≈≈≈≈≈....'#####.......[..
.≈≈≈≈≈≈......#.#...#.......
..≈≈≈≈.........#.###.......


You could see a giant cockroach.

Vanquished Creatures
  2 giant cockroaches (D:1)
  A goblin (D:1)
  3 hobgoblins (D:1)
  A bat (D:1)
  2 frilled lizards (D:1)
  2 kobolds (D:1)
11 creatures vanquished.

Notes
Turn   | Place    | Note
-------+----------+-------------------------------------------
     0 | D:1      | Borgoz the Ghoul Enchanter began the quest for the Orb.
     0 | D:1      | Reached XP level 1. HP: 14/14 MP: 2/2
    39 | D:1      | Reached skill level 1 in Short Blades
   185 | D:1      | Reached XP level 2. HP: 17/22 MP: 3/3
   309 | D:1      | HP: 1/22 [giant cockroach (1)]
   315 | D:1      | Slain by a giant cockroach

Skill      XL: |  1  2 |
---------------+-------+-----
Short Blades   | 1 |  1.4
Dodging        | 2 |  2.0
Fighting       | |  0.6
Stealth        | |  3.2
Spellcasting   | |  1.7
Hexes          | |  2.5

Action                   || total
-------------------------++-------
Melee: Dagger            ||    48
 Stab: Sleeping          ||     2
  Eat: Chunk             ||     3
Armor: Robe              ||    13
Dodge: Dodged            ||    23
